 Dungeon Crawl Stone Soup version 0.26.1-11-gd32895ea62 (webtiles) character file.

Game seed: 6164455986164263140

3598 promet the Cleaver (level 9, -12/85 HPs)
             Began as a Deep Dwarf Fighter on June 2, 2021.
             Was a Priest of Uskayaw.
             Mangled by Grum
             ... wielding a +0 halberd of protection
              (17 damage)
             ... on level 9 of the Dungeon.
             The game lasted 00:48:07 (10066 turns).

promet the Cleaver (Deep Dwarf Fighter)            Turns: 10066, Time: 00:48:08

Health: -12/85     AC:  0    Str: 22    XL:     9   Next: 85%
Magic:  5/5        EV: 15    Int: 10    God:    Uskayaw [***...]
Gold:   427        SH:  0    Dex: 14    Spells: 8/8 levels left

rFire    . . .     SeeInvis .   (weapon currently unavailable)
rCold    . . .     Faith    .   (shield currently unavailable)
rNeg     . . .     Spirit   .   (armour currently unavailable)
rPois    .         Reflect  .   (helmet currently unavailable)
rElec    .         Harm     .   (cloak currently unavailable)
rCorr    .         Rampage  .   (gloves currently unavailable)
Will     +....                  (boots currently unavailable)
Stlth    ++........             (no amulet)
HPRegen  0.00/turn              (ring currently unavailable)
MPRegen  0.09/turn              (ring currently unavailable)

@: about to teleport, pig-form, non-regenerating, very quick
A: small, damage resistance, heal wounds, agile 1, sense surroundings 2, no
regeneration
a: Heal Wounds, Renounce Religion, Stomp, Line Pass


You were on level 9 of the Dungeon.
You worshipped Uskayaw.
Uskayaw was noncommittal.
You were a filthy swine.
You visited 2 branches of the dungeon, and saw 10 of its levels.

You collected 427 gold pieces.

Inventory:

Hand Weapons
 a - a +2 war axe (melded)
 b - a +0 hunting sling
 e - a +3 whip of electrocution
 k - a +0 short sword of flaming
 o - a +0 spear
 r - a +1 vorpal mace
Missiles
 h - 315 stones
 l - 30 poisoned darts
 m - 97 sling bullets
 p - 58 bolts
 C - 6 boomerangs (quivered)
Armour
 c - a +0 kite shield (melded)
 g - a +1 helmet (melded)
 j - a +0 pair of gloves (melded)
 s - a +2 cloak (melded)
 u - a +0 helmet
 G - a +3 chain mail (melded)
Magical Staves
 D - an uncursed staff of air {unknown}
Jewellery
 f - an uncursed ring of fire
 i - an uncursed ring of ice
 y - a +6 ring of dexterity (melded)
 B - an uncursed ring of stealth
 E - a +6 ring of dexterity (melded)
Wands
 F - a wand of iceblast (11)
Scrolls
 q - a scroll of magic mapping
 t - 3 scrolls of teleportation
 w - 2 scrolls of fog
 z - 2 scrolls of remove curse
 A - a scroll of fear
 H - a scroll of identify
 I - a scroll of amnesia
Potions
 d - 3 potions of lignification
 n - a potion of attraction
 v - 2 potions of cancellation
 x - a potion of might


   Skills:
 * Level 6.9 Fighting
 + Level 9.3 Axes
 + Level 2.7(2.9) Slings
 + Level 0.7(1.6) Throwing
 + Level 7.1 Armour
 + Level 2.9 Dodging
 + Level 2.4 Stealth
 + Level 6.7 Shields


You had 8 spell levels left.
You didn't know any spells.
Your spell library contained the following spells:

 Spells                   Type           Power        Failure   Level
 Animate Skeleton         Necr           0%           36%         1
 Foxfire                  Conj/Fire      0%           36%         1
 Magic Dart               Conj           0%           36%         1
 Pain                     Necr           0%           36%         1
 Searing Ray              Conj           0%           50%         2
 Confusing Touch          Hex            0%           75%         3
 Conjure Flame            Conj/Fire      0%           75%         3
 Dazzling Flash           Conj/Hex       0%           75%         3
 Gell's Gravitas          Tloc           0%           75%         3
 Inner Flame              Hex/Fire       0%           75%         3
 Vampiric Draining        Necr           0%           75%         3
 Animate Dead             Necr           0%           98%         4
 Fulminant Prism          Conj/Hex       0%           98%         4
 Iskenderun's Mystic Bla  Conj/Tloc      0%           98%         4
 Petrify                  Tmut/Erth      0%           98%         4
 Sticky Flame             Conj/Fire      0%           98%         4
 Agony                    Necr           0%           100%        5
 Fireball                 Conj/Fire      0%           100%        5
 Metabolic Englaciation   Hex/Ice        0%           100%        5
 Yara's Violent Unravell  Hex/Tmut       0%           100%        5


Dungeon Overview and Level Annotations

Branches:
Dungeon (9/15)             Temple (1/1) D:4
   Lair: D:8-11         Orc: D:9-12

Altars:
Ashenzari
Cheibriados
Dithmenos
Elyvilon
Fedhas
Gozag
Hepliaklqana
Kikubaaqudgha
Makhleb
Nemelex Xobeh
Okawaru
Qazlal
Ru
Sif Muna
Trog
Uskayaw
Vehumet
Wu Jian
Xom
Yredelemnul
Zin
The Shining One

Shops:
D:4 [

Annotations:
D:9 Grum


Innate Abilities, Weirdness & Mutations

You are resistant to damage.
You can heal yourself by infusing magical energy.
You passively map the area around you.
You do not regenerate.
You are agile. (Dex +2)
((Your flesh is cold resistant. (rC+)))


Message History

Your +1 helmet melds into your body.
Your +0 pair of gloves melds into your body.
Your +0 kite shield melds into your body.
Your +3 chain mail melds into your body.
Your +6 ring of dexterity melds into your body. x2
You feel clumsy. x2
You closely miss Grum.
Grum hits you with a +0 halberd of protection!!
* * * LOW HITPOINT WARNING * * *
You hit Grum but do no damage. You hit Grum.
Grum is lightly wounded.
Grum hits you with a +0 halberd of protection!!
* * * LOW HITPOINT WARNING * * *
Okay, then.
As you read the scroll of teleportation, it crumbles to dust.
You feel strangely unstable.
Grum zaps a wand.
You resist with almost no effort.
Grum hits you from afar with a +0 halberd of protection!!
You die...

..#...# , * ,*** *, ..#...#
,,, ,, #...#,, ,* ,*
..#'#############...# ,,
#...............#...# * ,
#...............#...#..* ,_.,*
'.............>.#...#.. .. * ,
#...............#...#..##*.#
#*
#######+###.....#...#....*.#.#
. #.....h.g.#....#.#.# .. ,
+.....#...'........# ..# ,
#.....##+##........# ### +
*#.....# #....<...# ,
........# ,,+........#
..........# ,,#........#
..........# #........#
..........., ......hh.g# ,
##########.............#


You could see Grum.

Vanquished Creatures
  A troll (D:9)
  Sigmund (D:2)
  An ice beast (D:7)
  3 orc warriors
  2 centaurs (D:7)
  2 necrophages
  3 wolves
  6 ogres
  A big kobold (D:8)
  4 bullfrogs
  A wyvern skeleton (D:7)
  2 scorpions
  A howler monkey (D:9)
  2 quasits
  9 orc priests
  A jelly (D:5)
  A centaur skeleton (D:6)
  2 hounds
  7 orc wizards
  5 iguanas
  5 worker ants
  Natasha (D:2)
  A hound skeleton (D:6)
  A worker ant zombie (D:7)
  2 howler monkey zombies (D:8)
  7 adders
  4 gnolls
  A white imp (D:5)
  3 ufetubi
  An adder skeleton (D:5)
  2 worms (D:3)
  5 dart slugs
  7 leopard geckos
  37 orcs
  6 bats
  4 giant cockroaches
  8 goblins
  10 hobgoblins
  4 jackals
  A quokka (D:7)
  2 ball pythons
  2 frilled lizards
  A jackal skeleton (D:4)
  16 kobolds
  A quokka skeleton (D:4)
  A quokka zombie (D:7)
  8 rats
196 creatures vanquished.

Notes
Turn   | Place    | Note
-------+----------+-------------------------------------------
     0 | D:1      | promet the Deep Dwarf Fighter began the quest for the Orb.
     0 | D:1      | Reached XP level 1. HP: 20/20 MP: 1/1
   159 | D:1      | Reached XP level 2. HP: 26/28 MP: 2/2
  1992 | D:1      | Reached XP level 3. HP: 27/34 MP: 3/3
  3028 | D:2      | Noticed Sigmund
  3046 | D:2      | Killed Sigmund
  3047 | D:2      | Reached skill level 3 in Axes
  3047 | D:2      | Reached skill level 1 in Dodging
  3047 | D:2      | Reached XP level 4. HP: 30/44 MP: 3/3
  3047 | D:2      | Reached XP level 5. HP: 34/50 MP: 4/4
  3083 | D:2      | Found an iron altar of Okawaru.
  3360 | D:2      | Reached skill level 4 in Axes
  3366 | D:2      | Gained mutation: You are agile. (Dex +2) [potion of
                  | mutation]
  3366 | D:2      | Gained mutation: Your flesh is cold resistant. (rC+)
                  | [potion of mutation]
  3775 | D:3      | Noticed Natasha
  3792 | D:2      | Killed Natasha
  3793 | D:2      | Reached XP level 6. HP: 54/57 MP: 5/5
  5197 | D:4      | Found a broken altar of Ashenzari.
  5340 | D:4      | Reached skill level 1 in Slings
  5377 | D:4      | Reached XP level 7. HP: 45/66 MP: 6/6
  5378 | D:4      | Found a staircase to the Ecumenical Temple.
  5386 | D:4      | Reached skill level 5 in Axes
  5423 | D:4      | Reached skill level 5 in Armour
  5529 | Temple   | Entered the Ecumenical Temple
  5647 | Temple   | Became a worshipper of Uskayaw the Reveller
  5706 | D:4      | Reached * piety under Uskayaw
  5720 | D:4      | Found Wiuzulo's Armour Emporium.
  5852 | D:4      | Reached ** piety under Uskayaw
  6054 | D:5      | Entered Level 5 of the Dungeon
  6123 | D:5      | Reached *** piety under Uskayaw
  6235 | D:5      | Reached skill level 5 in Fighting
  6336 | D:5      | Reached skill level 6 in Axes
  6362 | D:5      | Reached skill level 1 in Stealth
  6366 | D:5      | Reached **** piety under Uskayaw
  6373 | D:5      | Reached XP level 8. HP: 20/74 MP: 3/6
  6837 | D:5      | Reached skill level 5 in Shields
  7243 | D:6      | Reached skill level 7 in Axes
  8030 | D:7      | Gained mutation: You passively map the area around you.
                  | [Deep Dwarf growth]
  8030 | D:7      | Reached XP level 9. HP: 49/82 MP: 5/5
  8112 | D:7      | Reached skill level 8 in Axes
  9915 | D:9      | Found a bloodstained altar of Trog.
  9917 | D:9      | Noticed Grum
  9997 | D:9      | Noticed a troll
 10007 | D:9      | Killed a troll
 10008 | D:9      | Reached skill level 9 in Axes
 10066 | D:9      | Mangled by Grum

Illustrated notes

Levels and vault maps discovered:
D:1:      dpeg_arrival_water_temple_mockup, layout_basic, grunt_decor_junction,
          columned_hall_lemuel, minmay_surrounded
D:2:      layout_rooms, okawaru_gym_becter, uniq_sigmund
D:3:      layout_rooms, uniq_natasha
D:4:      layout_rooms, cheibrodos_ashenzari_chains, minmay_temple_entry_waves,
          serial_shops, kennysheep_mini_moat, minmay_vboxes
D:5:      layout_gridville
D:6:      layout_basic, dk_noncrumbling_4
D:7:      layout_rooms
D:8:      layout_loops_cross
D:9:      layout_gridville, enter_bailey_3, trog_wizard, uniq_grum
Temple:   kilobyte_greek_temple

Skill      XL: |  1  2  3  4  5  6  7  8  9 |
---------------+----------------------------+-----
Fighting       | 3 4 5 6 |  6.9
Armour         | 4 5 6 7 |  7.1
Axes           | 3 4 6 7 9 |  9.3
Dodging        | 1 2 |  2.9
Shields        | 4 5 6 |  6.7
Slings         | 1 2 |  2.7
Stealth        | 1 2 |  2.4
Throwing       | |  0.7

Action                   |  1- 3 |  4- 6 |  7- 9 || total
-------------------------+-------+-------+-------++-------
Melee: War axe           |   126 |   136 |   423 ||   685
       Unarmed           |       |       |     3 ||     3
 Fire: Hunting sling     |       |    14 |    43 ||    57
Throw: Stone             |       |     2 |       ||     2
       Dart              |       |     1 |       ||     1
       Boomerang         |       |       |    14 ||    14
Invok: Stomp             |       |       |     3 ||     3
 Abil: Heal Wounds       |     1 |     2 |    15 ||    18
  Use: Scroll            |     3 |     9 |    13 ||    25
       Potion            |     1 |     6 |     1 ||     8
 Stab: Paralysed         |       |       |     6 ||     6
Armor: Scale mail        |    55 |     3 |       ||    58
       Chain mail        |       |    62 |   241 ||   303
Dodge: Dodged            |    37 |    35 |   116 ||   188
Block: Kite shield       |    62 |    78 |   230 ||   370
